elenmirie, neutral female human Priestess }}}} } }} }} } } }}}}}}} } } }}} } }}}}}}}} } } } } }} }}}}}}}} }}}}}}} } }} }}}} } }}} }}} }} }}}}} }}} }}}}}}}} } }}} } } }}}}}}} }} }} }}} }}}}}}} }}} 1 }} } }} } } } }}}}}}}}} }} }}}}}} }}}}} }.}} }} } }}}}} }}}}}}}}} }}} }}} }}}} ..... W }} }}} }}}}}}}}}}}}}}}}}}} }} }}}}} ..Z.W.. 11 1 }}}}} }} }}}}}}}} } }} }}}}} }}} }}}&@WZ. 1 11 } }} } }}}}}} } }}} }}} }}..... 1 } }} }}}}}} }}} &..W. }} }}}}}} }}} }}.} W }} }} }} }}}} }}}}} }}W } }}} }} }} }}}}}} }}} }} }}} } } }} }}} }}} }} }}}}}}}}}}}}}}}}}}}}}} } }}}} } }} }}}}}}}}}}}}}} } }} }} } }} } }}} } } } }}} } } }} }}}} } } } } }} elenmirie the Curate Experience level: 17 Strength: 18 Dexterity: 16 Constitution: 18 Intelligence: 10 Wisdom: 17 Charisma: 8 Health: 0(112) Energy: 209(209) AC: -6 Gold: 0 Moves: 19286 Your Inventory: Amulets m - the blessed Eye of the Aethiopica T - an uncursed amulet of ESP (being worn) Weapons t - the blessed fireproof +6 Staff of Aesculapius (weapon in hands) Armor b - an uncursed +0 robe l - a blessed +0 pair of riding gloves [leather] (being worn) o - an uncursed +2 T-shirt (being worn) p - an uncursed +0 pair of water walking boots q - an uncursed +0 dwarvish iron helm C - a blessed +1 disintegration dragon scale mail (being worn) Comestibles L - an uncursed lizard corpse Rings G - an uncursed ring of free action (on right hand) Wands a - an uncursed wand of cold [0:2] d - an uncursed wand of cancellation (0:3) i - a blessed wand of teleportation [0:5] j - an uncursed wand of lightning [0:1] y - an uncursed wand of magic missile [0:4] z - an uncursed wand of striking (0:0) B - an uncursed wand of digging [0:7] D - an uncursed wand of cancellation [0:8] F - an uncursed wand of sleep [0:5] N - an uncursed aluminum wand [of slow monster (0:7)] O - an uncursed nickel wand [of nothing (0:6)] X - an uncursed wand of digging [0:6] Tools c - an uncursed can of grease [0:19] e - an uncursed key [skeleton key] g - an uncursed tinning kit [0:33] n - an uncursed leather drum u - an uncursed [+0] unicorn horn v - an uncursed towel w - a blessed bag of holding P - an uncursed stethoscope Gems H - an uncursed stone called luckstone [luckstone] Contents of the bag of holding: 1885 gold pieces an uncursed +0 pair of jumping boots 11 uncursed K-rations an uncursed candy bar an uncursed clove of garlic an uncursed durian 5 uncursed food rations 3 uncursed fortune cookies an uncursed lembas wafer an uncursed lizard corpse a cursed scroll called 100 EIRI [of food detection] 6 uncursed scrolls called 100 HAPA [of teleportation] 2 cursed scrolls called 100 HAPA [of teleportation] 2 blessed scrolls called charging [of charging] an uncursed scroll called charging [of charging] an uncursed scroll called earth [of earth] an uncursed scroll labeled XIXAXA XOXAXA XUXAXA [of genocide] a cursed scroll of create monster 2 uncursed scrolls of destroy armor 2 uncursed scrolls of enchant armor 2 cursed scrolls of fire 2 blessed scrolls of identify 2 uncursed scrolls of identify a blessed scroll of light 3 uncursed scrolls of light 3 uncursed scrolls of magic mapping an uncursed scroll of remove curse 2 uncursed scrolls of stinking cloud 3 blessed unlabeled scrolls [of blank paper] 6 uncursed unlabeled scrolls [of blank paper] an uncursed spellbook of jumping an uncursed spellbook of magic missile an uncursed spellbook of protection an uncursed greasy potion [of sickness] an uncursed potion called 100 ruby [of restore ability] a blessed potion called 100 sparkling [of confusion] 2 uncursed potions called 100 sparkling [of confusion] 2 uncursed potions called 150 white [of levitation] an uncursed potion called 50 indigo [of fruit juice] 2 blessed potions called object detection (nymph) [of object detection] 2 uncursed potions of gain ability a cursed potion of gain ability 3 uncursed potions of gain level 4 uncursed potions of healing 6 potions of holy water an uncursed potion of invisibility an uncursed potion of see invisible a cursed potion of speed a cursed [-1] obsidian ring [of gain wisdom] an uncursed opal ring [of teleport control] an uncursed [+1] quartz ring [of gain intelligence] an uncursed ring called 100 brass [of protection from shape changers] an uncursed ring called 100 ivory [of sustain ability] an uncursed ring called 100 ivory [of sustain ability] an uncursed ring called 100 ivory [of sustain ability] a cursed [-2] ring called 100 shiny [of adornment] an uncursed ring called 150 bronze [of poison resistance] a cursed ring called 150 emerald [of cold resistance] an uncursed [+1] ring called 150 steel [of increase accuracy] an uncursed ring of fire resistance an uncursed ring of free action a cursed ring of free action an uncursed ring of levitation an uncursed ring of shock resistance an uncursed wand called fire [of fire] (0:0) a cursed wand called make invisible [of make invisible (0:6)] an uncursed wand of death [0:1] an uncursed wand of digging [0:1] an uncursed wand of digging [0:6] an uncursed wand of digging [0:8] an uncursed wand of digging [0:8] an uncursed wand of digging [0:4] an uncursed wand of digging [0:7] an uncursed wand of digging [0:5] a cursed wand of light [0:12] an uncursed wand of magic missile [0:8] an uncursed wand of magic missile [0:3] a cursed wand of sleep [0:2] an uncursed wand of speed monster [0:3] an uncursed wand of teleportation [0:0] an uncursed wand of undead turning [0:5] an uncursed [tooled] horn an uncursed magic whistle an uncursed sack Spells known in the end: Name Level Category Fail Memory a - detect monsters 1! divination 0% [|.......] b - healing 1! healing 0% [|.......] c - cure sickness 3 healing 0% [||||||..] d - light 1 divination 0% [|||||||.] e - extra healing 3 healing 0% [|||||||.] f - protection 1 clerical 0% [|||||||.] g - magic missile 2 attack 0% [|||||||.] h - restore ability 4 healing 0% [||||||||] i - jumping 1 escape 0% [||||||||] Your skills at the end: Fighting Skills shield [Basic / Expert] Weapon Skills mace [Skilled / Expert] quarterstaff [Expert / Expert] Spellcasting Skills healing spells [Basic / Expert] divination spells [Basic / Expert] clerical spells [Basic / Expert] Final Attributes: You were piously aligned. Hunger level was 267. Your alignment was 106 / 106. Monster difficulty range was 2 - 17. Level difficulty was 17. You resisted fire. You resisted cold. You were immune to sleep. You were immune to disintegration. You resisted electricity. You resisted poison. You were immune to level-drain. You were magic-protected. You resisted spell damage. You were telepathic. You were warned. You regenerated. You were protected. You were fast. You had free action. You were lucky (4). You had extra luck. Bad luck did not time out for you. Good luck did not time out for you. You are dead. Vanquished creatures: a vorpal jabberwock a tatzelworm 10 vampire lords an aligned priest 2 nurses a lurker above 2 black puddings 19 vampires 4 lieutenants 81 ghosts 3 giant mimics an ogre king an ice troll an Elvenking a large mimic a wumpus a baby purple worm 2 stalkers 10 giant zombies 5 elf-lords 4 sergeants a barbed devil 3 wargs a winter wolf 11 small mimics 2 glass piercers 2 warhorses 2 xans 4 quantum mechanics a troll a wood golem a giant turtle a gelatinous cube 2 pyrolisks a freezing sphere a flaming sphere 2 shocking spheres a gargoyle 2 tengu an ochre jelly a leocrotta a red naga 2 pythons a cobra 80 wraiths 23 ettin zombies a leather golem 26 soldiers 4 horned devils a succubus 2 incubi 3 chameleons 3 quivering blobs 5 cockatrices 2 wolves 2 lynxes a panther 17 leprechauns 2 orc-captains an iron piercer a mumak 5 giant spiders a horse an ice vortex a forest centaur 4 gnome kings 2 orc mummies an ogre a rust monster an owlbear 2 gold golems 2 werewolves 2 Green-elves 2 lizards 3 dingos a housecat 3 jaguars 3 dwarf lords 2 blue jellies a black unicorn 3 dust vortices 3 ravens 2 plains centaurs 2 gnome mummies 2 apes 78 human zombies a rope golem a Woodland-elf 4 soldier ants 5 fire ants a snow ant 7 bugbears an imp a wood nymph 4 water nymphs 4 mountain nymphs 10 Mordor orcs 2 orc shamans a rock piercer 2 enormous rats 3 rock moles 3 ponies 2 fog clouds 7 yellow lights a shrieker 2 violet fungi 19 gnome lords 6 gnomish wizards 3 gray oozes a barrow wight 42 elf zombies 17 ghouls a straw golem 2 paper golems a wax golem a baby crocodile 4 giant ants 2 little dogs 6 floating eyes a kitten 22 dwarves 6 homunculi 2 kobold lords 2 kobold shamans 10 hill orcs 6 rothes 2 giant bats 32 orc zombies 31 dwarf zombies 2 wererats 4 werejackals 4 muggers 7 iguanas 5 killer bees 2 acid blobs 4 coyotes 7 hobbits 2 large kobolds 13 hobgoblins 5 giant rats 3 cave spiders a brown mold 3 yellow molds 2 green molds a red mold 75 gnomes 4 garter snakes 33 gnome zombies 9 geckos 18 jackals 2 foxes 2 kobolds 6 goblins 10 sewer rats 3 grid bugs 7 lichens 35 kobold zombies 9 newts 1058 creatures vanquished. Voluntary challenges: You used a wielded weapon 1657 times. You read items or engraved 66 times. You put on armor 36 times. You never genocided any monsters. You never polymorphed an object. You never changed form. You used 4 wishes. You used 3 wishes for magical items. You wrote Elbereth's name 17 times. You encountered 2 bones levels. You never used any Sokoban shortcuts. Dungeon overview: The Dungeons of Doom: levels 1 to 21 Level 1 a fountain, a sink a long staircase Level 2 a general store, some fountains Level 3 stairs to The Gnomish Mines Level 4 some fountains Level 5 some fountains Level 6 many fountains Level 7 stairs to Sokoban Level 8 a fountain Level 9 a general store, some fountains stairs to Town Level 13 some fountains, many trees portal to The Quest Level 14 a sink Level 16 a temple, a fountain Level 17 an altar to Camaxtli, some fountains Level 18 some fountains Level 19 a fountain Level 20 a fountain The Gnomish Mines: levels 4 to 11 Level 4 stairs to The Dungeons of Doom Level 7 some shops, a temple, a magic chest, some fountains The Quest: levels 1 to 5 Level 1 a temple, a magic chest portal to The Dungeons of Doom Level 3 a temple Level 5 <- You were here Sokoban: levels 4 to 6 Level 6 a magic chest stairs to The Dungeons of Doom Town: levels 6 to 8 Level 6 many shops, some fountains, a sink Level 7 many fountains, many trees Level 8 stairs to The Dungeons of Doom History has recorded: On T:1 you entered the Dungeons of Doom to retrieve the Amulet of Yendor! On T:681 you reached level 2 of The Dungeons of Doom. On T:789 you advanced to experience level 2. On T:1098 you reached level 3 of The Dungeons of Doom. On T:1129 you advanced to experience level 3. On T:1379 you reached level 4 of The Dungeons of Doom. On T:1395 you advanced to experience level 4. On T:1603 you reached level 5 of The Dungeons of Doom. On T:1710 you advanced to experience level 5. On T:2124 you reached level 6 of The Dungeons of Doom. On T:2222 you advanced to experience level 6. On T:2487 you reached level 7 of The Dungeons of Doom. On T:2601 you reached level 3 of Sokoban. On T:3083 you reached level 2 of Sokoban. On T:3534 you reached level 1 of Sokoban. On T:3686 you advanced to experience level 7. On T:4714 you advanced to experience level 8. On T:5066 you wished for "2 blessed scrolls of charging". On T:5134 you wished for "blessed fixed Eye of the Aethiopica". On T:5444 you wished for "blessed fixed Staff of Aesculapius". On T:6130 you reached level 1 of The Gnomish Mines. On T:6164 you reached level 2 of The Gnomish Mines. On T:6548 you reached level 3 of The Gnomish Mines. On T:6982 you reached level 4 of The Gnomish Mines. On T:7239 you advanced to experience level 9. On T:7868 you reached level 5 of The Gnomish Mines. On T:8202 you reached level 6 of The Gnomish Mines. On T:8323 you reached level 7 of The Gnomish Mines. On T:8507 you reached level 8 of The Gnomish Mines. On T:10270 you wished for "blessed gold dragon scales". On T:11336 you reached level 8 of The Dungeons of Doom. On T:11339 you advanced to experience level 10. On T:11416 you advanced to experience level 11. On T:11846 you reached level 9 of The Dungeons of Doom. On T:12046 you reached level 3 of Town. On T:12148 you reached level 2 of Town. On T:12193 you reached level 1 of Town. On T:12882 you reached level 10 of The Dungeons of Doom. On T:13056 you reached level 11 of The Dungeons of Doom. On T:13152 you advanced to experience level 12. On T:13346 you reached level 12 of The Dungeons of Doom. On T:13654 you reached level 13 of The Dungeons of Doom. On T:13836 you reached level 14 of The Dungeons of Doom. On T:14062 you reached level 15 of The Dungeons of Doom. On T:14118 you reached level 16 of The Dungeons of Doom. On T:14354 you reached level 17 of The Dungeons of Doom. On T:14731 you reached level 18 of The Dungeons of Doom. On T:15112 you reached level 19 of The Dungeons of Doom. On T:15704 you reached level 20 of The Dungeons of Doom. On T:15933 you reached level 21 of The Dungeons of Doom. On T:16886 you reached level 1 of The Quest. On T:17041 you embarked upon an epic quest. On T:17159 you reached level 2 of The Quest. On T:17320 you advanced to experience level 13. On T:17803 you reached level 3 of The Quest. On T:17847 you advanced to experience level 14. On T:17950 you advanced to experience level 15. On T:17955 you advanced to experience level 16. On T:18786 you reached level 4 of The Quest. On T:18824 you advanced to experience level 17. On T:19276 you reached level 5 of The Quest. Latest messages: Nalzok hits! (2x) Nalzok casts a spell! Nalzok suddenly disappears! The invisible Nalzok hits! [HP-42=70] [HP+2=72] The invisible Nalzok hits! (2x) You hear a mumbled curse. The invisible Nalzok hits! [HP-26=46] The invisible Nalzok hits! (2x) The invisible Nalzok casts a spell at you! You feel momentarily disoriented. The invisible Nalzok hits! You feel a bit steadier now. [HP-29=17] The incubus turns to flee! The wraith turns to flee! (2x) The human zombie turns to flee! The invisible Nalzok hits! (2x) You die... The sack is empty. Final status: Goodbye elenmirie the Priestess... You died in The Quest on dungeon level 5 with 6709 points, and 1885 pieces of gold, after 19286 moves. You were level 17 with a maximum of 112 hit points when you died.